[Event "98th Caplin Hastings Masters 2024-25"]
[Site "Hastings"]
[Date "2024.12.31"]
[Round "5.24"]
[White "Bharat Kumar, Balahari"]
[Black "Boswell, Jacob Connor"]
[Result "0-1"]
[ECO "A15"]
[WhiteElo "2063"]
[BlackElo "2277"]
[Annotator "NA RC"]
[PlyCount "64"]
[EventDate "2024.12.23"]
[EventType "swiss"]
[EventCountry "ENG"]
[SourceTitle "playchess.com"]
[Source "ChessBase"]
[SourceQuality "1"]
[TimeControl "5400+30"]

1. c4 Nf6 2. Nf3 g6 3. b4 Bg7 4. Bb2 O-O 5. g3 c6 6. Bg2 d5 7. O-O a5 8. b5 dxc4 9. a4 cxb5 10. axb5 Ne4 11. Bxg7 Kxg7 12. Qc2 Nd6 13. Na3 f6 14. Nd4 e5 15. Nf3 Be6 16. Qb2 Nd7 17. d3 cxd3 18. exd3 Qe7 19. Nd2 Nc5 20. d4 exd4 21. Qxd4 Rac8 22. g4 Rfd8 23. Qe3 Qd7 24. h3 Qf7 25. Rac1 b6 26. Rfe1 Bd5 27. Bxd5 Qxd5 28. Rcd1 Re8 29. Ne4 Qxe4 30. Rxd6 Qb4 31. Rb1 Rxe3 32. Rxb4 Re1+ 0-1

[Event "98th Caplin Hastings Masters 2024-25"]
[Site "Hastings"]
[Date "2024.12.31"]
[Round "5.25"]
[White "Nielsen, Andre"]
[Black "Burrows, Martin P"]
[Result "1/2-1/2"]
[ECO "B93"]
[WhiteElo "2276"]
[BlackElo "2042"]
[Annotator "RC"]
[PlyCount "121"]
[EventDate "2024.12.23"]
[EventType "swiss"]
[EventCountry "ENG"]
[SourceTitle "playchess.com"]
[Source "ChessBase"]
[SourceQuality "1"]
[TimeControl "5400+30"]

1. e4 c5 2. Nf3 d6 3. d4 cxd4 4. Nxd4 Nf6 5. Nc3 a6 6. f4 e5 7. Nb3 Be7 8. fxe5 dxe5 9. Qxd8+ Bxd8 10. Be3 Nbd7 11. a4 b6 12. Be2 Bb7 13. Bf3 Be7 14. O-O-O Rc8 15. Rhf1 h5 16. h3 Bb4 17. Nd5 Nxd5 18. exd5 Bd6 19. g4 Rc4 20. a5 b5 21. gxh5 f5 22. Bg5 O-O 23. Bg2 Bc8 24. Nd2 Rc7 25. h4 Nf6 26. h6 Ng4 27. hxg7 Rxg7 28. Rde1 Kh7 29. Bh3 Nh6 30. Nf3 e4 31. Nd4 Bg3 32. Re2 Rgf7 33. Ne6 Rg8 34. Bxh6 Kxh6 35. Rxf5 Bxe6 36. dxe6 Bf4+ 37. Kb1 Rxf5 38. Bxf5 e3 39. Be4 Re8 40. Bd5 Kg7 41. c4 bxc4 42. Bxc4 Kf6 43. Bxa6 Ra8 44. Bc4 Rxa5 45. Rg2 Rh5 46. Rg8 Bd6 47. Rg4 Re5 48. Rf4+ Kg6 49. Rg4+ Kf6 50. Rg2 Rh5 51. Rg4 Re5 52. Rg1 e2 53. Re1 Bb4 54. Rxe2 Rxe2 55. Bxe2 Kxe6 56. h5 Kf7 57. Kc2 Kg7 58. Kd3 Be7 59. Kc4 Bd6 60. b4 Bxb4 61. Kxb4 1/2-1/2

[Event "98th Caplin Hastings Masters 2024-25"]
[Site "Hastings"]
[Date "2024.12.31"]
[Round "5.26"]
[White "Wall, Tim P"]
[Black "Gorainow, Nikita"]
[Result "1-0"]
[ECO "C00"]
[WhiteElo "2173"]
[BlackElo "2045"]
[Annotator "NA RC"]
[PlyCount "83"]
[EventDate "2024.12.23"]
[EventType "swiss"]
[EventCountry "ENG"]
[SourceTitle "playchess.com"]
[Source "ChessBase"]
[SourceQuality "1"]
[TimeControl "5400+30"]

1. e4 c5 2. Nf3 e6 3. Qe2 Nc6 4. g3 d6 5. Bg2 Nf6 6. O-O Be7 7. c3 e5 8. d3 O-O 9. Nbd2 h6 10. a3 a5 11. a4 Be6 12. Nc4 Qc7 13. Bd2 Rab8 14. Rfe1 b5 15. axb5 Rxb5 16. Bc1 Rfb8 17. Nfd2 R5b7 18. Nf1 Rd8 19. Nfe3 d5 20. exd5 Nxd5 21. Ng4 f6 22. f4 Nb6 23. Nxa5 Nxa5 24. Rxa5 Bd5 25. fxe5 f5 26. Ne3 Bxg2 27. Nxg2 Bg5 28. Bxg5 hxg5 29. Raa1 Re8 30. Qh5 Qe7 31. Ne3 Rf8 32. Qg6 Qxe5 33. Qxg5 Nd5 34. Nc4 Qf6 35. Qxf6 Nxf6 36. Re5 Nd7 37. Re7 f4 38. gxf4 Rxf4 39. Ra8+ Rf8 40. Ra6 Rf7 41. Rxf7 Kxf7 42. Nd6+ 1-0

[Event "98th Caplin Hastings Masters 2024-25"]
[Site "Hastings"]
[Date "2024.12.31"]
[Round "5.27"]
[White "Kennedy, Craig"]
[Black "White, Stuart A"]
[Result "0-1"]
[ECO "B31"]
[WhiteElo "1851"]
[BlackElo "2017"]
[Annotator "NA RC"]
[PlyCount "48"]
[EventDate "2024.12.23"]
[EventType "swiss"]
[EventCountry "ENG"]
[SourceTitle "playchess.com"]
[Source "ChessBase"]
[SourceQuality "1"]
[TimeControl "5400+30"]

1. e4 c5 2. Be2 Nc6 3. f4 d5 4. exd5 Qxd5 5. Nf3 g6 6. Nc3 Qd8 7. O-O Bg7 8. Bb5 Bd7 9. d3 a6 10. Bxc6 Bxc6 11. Be3 Qc7 12. Qe1 b6 13. Rd1 Rd8 14. Qh4 e6 15. f5 gxf5 16. Bf4 Qe7 17. Qg3 Kf8 18. Ne5 Ba8 19. Nc4 b5 20. Bd6 Rxd6 21. Nxd6 Bd4+ 22. Kh1 Nf6 23. Rd2 Rg8 24. Qf4 Rg4 0-1

[Event "98th Caplin Hastings Masters 2024-25"]
[Site "Hastings"]
[Date "2024.12.31"]
[Round "5.28"]
[White "Rubeck, Jonathan"]
[Black "Malinovskii, Ilia"]
[Result "0-1"]
[ECO "B09"]
[WhiteElo "1824"]
[BlackElo "2003"]
[Annotator "NA RC"]
[PlyCount "110"]
[EventDate "2024.12.23"]
[EventType "swiss"]
[EventCountry "ENG"]
[SourceTitle "playchess.com"]
[Source "ChessBase"]
[SourceQuality "1"]
[TimeControl "5400+30"]

1. e4 d6 2. d4 Nf6 3. Nc3 g6 4. f4 Bg7 5. Nf3 O-O 6. Bd3 Nc6 7. O-O e5 8. fxe5 dxe5 9. d5 Ne7 10. Qe1 c6 11. Qh4 cxd5 12. Bg5 dxe4 13. Nxe4 Nf5 14. Nxf6+ Bxf6 15. Bxf5 Qb6+ 16. Kh1 Bg7 17. Bxc8 Raxc8 18. Be7 Rfe8 19. Ba3 h6 20. c3 e4 21. Nd2 f5 22. Rae1 Qa6 23. Nb3 g5 24. Qf2 f4 25. Nd4 Qg6 26. Nb5 Be5 27. Qc2 Bb8 28. Nd4 Rc7 29. Qb3+ Kh7 30. Qb5 Rg7 31. Qf5 e3 32. Qxg6+ Kxg6 33. Bc5 b6 34. Ba3 Rd7 35. Re2 a5 36. b4 Bd6 37. Nb5 Be5 38. Nd4 Bxd4 39. cxd4 Rxd4 40. bxa5 bxa5 41. Bc1 Red8 42. Kg1 Rd1 43. Rfe1 Kf5 44. Kf1 h5 45. Rc2 R1d5 46. Ke2 h4 47. h3 g4 48. Rf1 Kg5 49. hxg4 Kxg4 50. Rc4 Rd4 51. Rc2 R8d5 52. Rb2 Rc4 53. Rb8 Rc2+ 54. Ke1 Rxc1+ 55. Ke2 Rd2# 0-1

[Event "98th Caplin Hastings Masters 2024-25"]
[Site "Hastings"]
[Date "2024.12.31"]
[Round "5.29"]
[White "Badacsonyi, Stanley"]
[Black "Suez-Panama, Gilles"]
[Result "1-0"]
[ECO "A90"]
[WhiteElo "2266"]
[BlackElo "1979"]
[Annotator "NA RC"]
[PlyCount "77"]
[EventDate "2024.12.23"]
[EventType "swiss"]
[EventCountry "ENG"]
[SourceTitle "playchess.com"]
[Source "ChessBase"]
[SourceQuality "1"]
[TimeControl "5400+30"]

1. d4 e6 2. c4 f5 3. Nf3 Nf6 4. g3 d5 5. Bg2 Be7 6. Qc2 Ne4 7. Nc3 Nc6 8. O-O Bf6 9. Rd1 g5 10. cxd5 exd5 11. Ne5 Ne7 12. f3 Nxc3 13. bxc3 Ng6 14. e4 dxe4 15. fxe4 f4 16. Nxg6 hxg6 17. e5 Bf5 18. Qe2 Be7 19. Bxb7 fxg3 20. hxg3 Rh3 21. Qg2 Rb8 22. Bc6+ Bd7 23. Be4 Rb6 24. Be3 Qb8 25. Rab1 Kf7 26. d5 Bg4 27. Rf1+ Kg7 28. Bd4 Kh6 29. Rxb6 axb6 30. Bxg6 Qg8 31. Bf5 Bxf5 32. Rxf5 g4 33. Be3+ Kh7 34. Qe4 Kh8 35. e6 Rxg3+ 36. Kf2 Rxe3 37. Rh5+ Kg7 38. Qxg4+ Kf8 39. Rf5+ 1-0

[Event "98th Caplin Hastings Masters 2024-25"]
[Site "Hastings"]
[Date "2024.12.31"]
[Round "5.30"]
[White "Muir, Andrew J"]
[Black "Alcindor, Samuel"]
[Result "0-1"]
[ECO "A59"]
[WhiteElo "2214"]
[BlackElo "1927"]
[Annotator "NA RC"]
[PlyCount "116"]
[EventDate "2024.12.23"]
[EventType "swiss"]
[EventCountry "ENG"]
[SourceTitle "playchess.com"]
[Source "ChessBase"]
[SourceQuality "1"]
[TimeControl "5400+30"]

1. d4 Nf6 2. c4 c5 3. d5 b5 4. cxb5 a6 5. bxa6 g6 6. Nc3 Bxa6 7. e4 Bxf1 8. Kxf1 d6 9. g3 Nbd7 10. Kg2 Bg7 11. Nf3 O-O 12. a4 Ra6 13. Qc2 Qa8 14. Nb5 Rc8 15. Ra3 c4 16. Nfd4 Nc5 17. Nc6 Kf8 18. Qxc4 Ncxe4 19. Re1 e6 20. Qb4 Nxd5 21. Qxe4 Raxc6 22. Ra1 Rb6 23. Ra3 Rxc1 24. Rxc1 Bxb2 25. Rac3 Bxc1 26. Rxc1 Ra6 27. Qf3 Rxa4 28. Kg1 Ra1 29. Rxa1 Qxa1+ 30. Kg2 Qe5 31. Qd3 Kg7 32. Nd4 Qg5 33. Qe4 Nf6 34. Qe2 Qd5+ 35. Nf3 Ng4 36. Kg1 h5 37. h3 Nf6 38. h4 Qe4 39. Qd1 Qd5 40. Qe2 Qe4 41. Qd1 d5 42. Ng5 Qf5 43. Qa1 e5 44. Qa7 Ne4 45. Qe3 Nxg5 46. hxg5 d4 47. Qd2 Qf3 48. Qa5 Qe2 49. Qd8 Qe1+ 50. Kg2 Qe4+ 51. Kg1 Qf5 52. Kg2 Qe6 53. f4 Kh7 54. Qf8 Qd5+ 55. Kf2 e4 56. Qe7 Qa2+ 57. Ke1 e3 58. f5 Qd2+ 0-1

[Event "98th Caplin Hastings Masters 2024-25"]
[Site "Hastings"]
[Date "2024.12.31"]
[Round "5.31"]
[White "Ahn, Sungmin"]
[Black "Bazakutsa, Svyatoslav"]
[Result "0-1"]
[ECO "B23"]
[WhiteElo "1926"]
[BlackElo "2484"]
[Annotator "TA"]
[PlyCount "82"]
[EventDate "2024.12.23"]
[EventType "swiss"]
[EventCountry "ENG"]
[SourceTitle "playchess.com"]
[Source "ChessBase"]
[SourceQuality "1"]
[TimeControl "5400+30"]

1. e4 c5 2. Nc3 Nc6 3. Bb5 Nd4 4. Nf3 Nxf3+ 5. Qxf3 e6 {[%emt 0:00:13] Black is weak on the light squares} 6. a4 a6 7. Bc4 g6 8. d3 d6 9. O-O Bg7 10. Bd2 (10. Bf4 $14) 10... Ne7 $11 11. Bg5 h6 12. Bf6 O-O 13. Bxg7 Kxg7 14. Rad1 Nc6 15. Qg3 (15. Ne2 $1 $11) 15... Rb8 ({Black should try} 15... Nd4 $15 16. Bb3 f5 17. exf5 exf5) 16. f4 Nd4 {[%emt 0:01:13][%cal Ob7b5] Hoping for ...b5!.} 17. Rd2 b5 18. axb5 axb5 19. Bb3 Kh7 (19... Bb7 {keeps more tension.} 20. f5 Qg5 21. f6+ Kg8) 20. Kh1 f5 21. Qe1 (21. Ne2 $1 $11) 21... Ra8 (21... b4 $15 22. Ne2 Nxb3 23. cxb3 Ba6) 22. Ne2 Nc6 23. c3 d5 24. Ng1 b4 25. Nf3 bxc3 26. bxc3 Ra3 27. Qd1 Na5 28. Bc2 (28. Ba2 $1 $11) 28... fxe4 $15 29. dxe4 Nc4 $36 {[%emt 0:00:01][%mdl 2048] Wards off Ne5. White is under pressure.} 30. Rd3 $2 ({Better is} 30. Re2 $15) 30... Nb2 $1 $19 (30... Rxf4 31. Qc1 (31. exd5 e5 $11) 31... Rf6 (31... Rxe4 $2 {perishes.} 32. Nd2 $18) 32. Rfd1 $11) 31. Qc1 Nxd3 32. Qxa3 dxe4 ({And not} 32... Nxf4 33. Qxc5 Bb7 34. Qa7 $11) 33. c4 Rxf4 34. g3 $2 (34. Bxd3 Qxd3 35. Qxd3 exd3 36. Nd2 Rxf1+ 37. Nxf1) 34... Rxf3 35. Rxf3 exf3 36. Bxd3 $2 {[%emt 0:02:16][%mdl 4096] Endgame KQB-KQB. Black is two pawns up.} (36. Qxd3 Qxd3 37. Bxd3) 36... Bb7 {[%emt 0:01:07] ( -> ...f2+)} 37. Qa7 Qd7 38. h4 f2+ 39. Kh2 Qc6 40. Bxg6+ Kxg6 41. h5+ Kh7 0-1

[Event "98th Caplin Hastings Masters 2024-25"]
[Site "Hastings"]
[Date "2024.12.31"]
[Round "5.32"]
[White "Jukes, Sam"]
[Black "Verbin, Valentina"]
[Result "0-1"]
[ECO "B41"]
[WhiteElo "1911"]
[BlackElo "2093"]
[Annotator "NA RC"]
[PlyCount "80"]
[EventDate "2024.12.23"]
[EventType "swiss"]
[EventCountry "ENG"]
[SourceTitle "playchess.com"]
[Source "ChessBase"]
[SourceQuality "1"]
[TimeControl "5400+30"]

1. e4 c5 2. Nf3 e6 3. d4 cxd4 4. Nxd4 a6 5. a3 Nf6 6. Bd3 Nc6 7. Nxc6 bxc6 8. c4 e5 9. Nc3 d6 10. O-O Be7 11. Qa4 Bd7 12. Qc2 O-O 13. b4 h6 14. Rd1 Qc7 15. Bb2 Rfc8 16. Qe2 Bg4 17. f3 Be6 18. Qf2 Qb7 19. Na4 Nd7 20. Rab1 Rcb8 21. Bc1 Qc7 22. Be3 a5 23. b5 cxb5 24. cxb5 d5 25. b6 Qb7 26. exd5 Bxd5 27. Nc5 Nxc5 28. Bxc5 Rd8 29. Bxe7 Qxe7 30. Qb2 Rab8 31. Qc3 a4 32. Qb4 Qg5 33. Kf2 Bb3 34. Rxb3 axb3 35. Qxb3 Qh4+ 36. Kg1 Qd4+ 37. Kh1 Qxb6 38. Qc2 Rbc8 39. Bh7+ Kh8 40. Rxd8+ Qxd8 0-1

[Event "98th Caplin Hastings Masters 2024-25"]
[Site "Hastings"]
[Date "2024.12.31"]
[Round "5.33"]
[White "Vaidyanathan, Sathya"]
[Black "Lishoy Gengis Paratazham, Dildarav"]
[Result "0-1"]
[ECO "B13"]
[WhiteElo "1908"]
[BlackElo "2037"]
[Annotator "NA RC"]
[PlyCount "104"]
[EventDate "2024.12.23"]
[EventType "swiss"]
[EventCountry "ENG"]
[SourceTitle "playchess.com"]
[Source "ChessBase"]
[SourceQuality "1"]
[TimeControl "5400+30"]

1. e4 c6 2. d4 d5 3. exd5 cxd5 4. Bd3 Nc6 5. c3 Nf6 6. Bf4 g6 7. Nf3 Bg7 8. O-O O-O 9. Nbd2 Nh5 10. Bg3 Nxg3 11. hxg3 Qc7 12. Qb3 Rd8 13. Rfe1 Bg4 14. Nh2 Be6 15. f4 Rab8 16. a4 Qd6 17. Ndf3 f6 18. Qd1 Bf7 19. Qd2 Re8 20. Bb5 a6 21. Bxc6 Qxc6 22. Re2 Bf8 23. Ng4 Qd7 24. Nf2 Bh6 25. Nd3 Qc7 26. Nc5 e5 27. Rae1 Ra8 28. a5 e4 29. Nh2 f5 30. Rf2 Qxa5 31. Nxb7 Qc7 32. Nc5 Qe7 33. Qe3 g5 34. Ra1 a5 35. Nb3 Qd8 36. Qe2 Qb8 37. fxg5 Bxg5 38. Rxf5 h6 39. Nd2 Qxb2 40. Rxg5+ hxg5 41. Rf1 Qxc3 42. Qf2 Bg6 43. Qf6 Kh7 44. Qxg5 Qxd4+ 45. Kh1 Qe5 46. Qh4+ Kg7 47. Rb1 Rab8 48. Re1 Rh8 49. Qg4 Qf5 50. Qe2 Qh5 51. Ndf3 exf3 52. Qe7+ Bf7 0-1

[Event "98th Caplin Hastings Masters 2024-25"]
[Site "Hastings"]
[Date "2024.12.31"]
[Round "5.34"]
[White "Kolani, Arjun"]
[Black "Vaidyanathan, Adithya"]
[Result "1-0"]
[ECO "B38"]
[WhiteElo "2131"]
[BlackElo "1904"]
[Annotator "NA RC"]
[PlyCount "105"]
[EventDate "2024.12.23"]
[EventType "swiss"]
[EventCountry "ENG"]
[SourceTitle "playchess.com"]
[Source "ChessBase"]
[SourceQuality "1"]
[TimeControl "5400+30"]

1. e4 c5 2. Nf3 Nc6 3. d4 cxd4 4. Nxd4 g6 5. c4 Bg7 6. Be3 Nf6 7. Nc3 O-O 8. Be2 d6 9. f3 Bd7 10. Qd2 Nxd4 11. Bxd4 a5 12. h4 a4 13. h5 Qa5 14. g4 Be6 15. Kf2 a3 16. b3 Bxg4 17. b4 Qxb4 18. Rab1 Qa5 19. Rb5 Qa6 20. fxg4 Qc6 21. Bxf6 exf6 22. Nd5 Rfe8 23. Qf4 Re6 24. Bd3 Rae8 25. h6 Bh8 26. Rhb1 b6 27. Rxb6 Qc5+ 28. Qe3 Qxe3+ 29. Kxe3 f5 30. Nc7 Rxe4+ 31. Bxe4 Rxe4+ 32. Kf3 Kf8 33. Rb8+ Ke7 34. Nd5+ Ke6 35. Re8+ Kd7 36. Rxe4 fxe4+ 37. Kxe4 Bb2 38. Rf1 Ke6 39. Nc7+ Ke7 40. Kd5 Bc3 41. Nb5 Bb4 42. Rb1 Bc5 43. Rb3 f5 44. gxf5 gxf5 45. Rf3 Kd7 46. Rxf5 Be3 47. Rf7+ Kd8 48. Kxd6 Kc8 49. c5 Kb8 50. Kc6 Bxh6 51. Rb7+ Kc8 52. Nd6+ Kd8 53. Rd7# 1-0

[Event "98th Caplin Hastings Masters 2024-25"]
[Site "Hastings"]
[Date "2024.12.31"]
[Round "5.35"]
[White "Cheng, Louis"]
[Black "Keely, Leo A"]
[Result "1-0"]
[ECO "C42"]
[WhiteElo "2087"]
[BlackElo "1899"]
[Annotator "NA RC"]
[PlyCount "111"]
[EventDate "2024.12.23"]
[EventType "swiss"]
[EventCountry "ENG"]
[SourceTitle "playchess.com"]
[Source "ChessBase"]
[SourceQuality "1"]
[TimeControl "5400+30"]

1. e4 e5 2. Nf3 Nf6 3. Nxe5 d6 4. Nf3 Nxe4 5. Qe2 Qe7 6. d3 Nf6 7. Bg5 Nbd7 8. Nc3 Qxe2+ 9. Bxe2 h6 10. Be3 Be7 11. O-O-O c6 12. h3 Nb6 13. Rhe1 O-O 14. d4 Nfd5 15. Nxd5 Nxd5 16. Bd2 Bf6 17. c4 Nb6 18. b3 Bf5 19. Bf4 d5 20. c5 Nd7 21. Bd3 Bxd3 22. Rxd3 Rfe8 23. Rde3 Rxe3 24. Rxe3 g5 25. Bd6 Kg7 26. b4 h5 27. g4 hxg4 28. hxg4 Rh8 29. Rb3 Rh1+ 30. Kc2 Ra1 31. Rb2 a6 32. Kd3 b5 33. Nd2 Nf8 34. Nb3 Rg1 35. Bxf8+ Kxf8 36. Na5 Rxg4 37. Nxc6 Ke8 38. Re2+ Kd7 39. Ne5+ Bxe5 40. Rxe5 Kc6 41. Rf5 Rg1 42. Rf6+ Kd7 43. Rxf7+ Ke6 44. Ra7 Rf1 45. Rxa6+ Kf5 46. Ke3 Re1+ 47. Kd2 Rb1 48. Rd6 Rb2+ 49. Kc3 Rxf2 50. Rxd5+ Kf4 51. c6 Rf3+ 52. Kd2 Rf2+ 53. Ke1 Rc2 54. Rc5 Rxa2 55. c7 Ke3 56. Rc3+ 1-0

[Event "98th Caplin Hastings Masters 2024-25"]
[Site "Hastings"]
[Date "2024.12.31"]
[Round "5.36"]
[White "Rastogi, Nayan Keats"]
[Black "Marusenko, Petr"]
[Result "0-1"]
[ECO "B12"]
[WhiteElo "1892"]
[BlackElo "2021"]
[Annotator "NA RC"]
[PlyCount "136"]
[EventDate "2024.12.23"]
[EventType "swiss"]
[EventCountry "ENG"]
[SourceTitle "playchess.com"]
[Source "ChessBase"]
[SourceQuality "1"]
[TimeControl "5400+30"]

1. e4 c6 2. d4 d5 3. e5 Bf5 4. Nf3 e6 5. c3 Ne7 6. Be2 c5 7. O-O Nec6 8. Be3 Qb6 9. Qc1 Nd7 10. Nbd2 Rc8 11. a4 cxd4 12. Nxd4 Nxd4 13. Bxd4 Bc5 14. Nf3 O-O 15. Bb5 Nb8 16. Bxc5 Rxc5 17. Nd4 Bg6 18. b4 Rcc8 19. Qe3 a6 20. Be2 Nc6 21. Rfd1 Nxd4 22. Rxd4 Rc6 23. a5 Qc7 24. c4 dxc4 25. Bf3 c3 26. Bxc6 Qxc6 27. Rd6 Qc7 28. Ra3 c2 29. Rc3 Qe7 30. Qd4 h6 31. Rd7 Qg5 32. Qe3 Qg4 33. Qd4 Qe2 34. Qd2 Qb5 35. Rd8 Rxd8 36. Qxd8+ Kh7 37. Qd2 Qxe5 38. h3 Qh5 39. f3 Qb5 40. Rc5 Qa4 41. Qc3 Qd7 42. Kh2 Qd6+ 43. Kg1 e5 44. Kh1 e4 45. fxe4 Bxe4 46. Qe3 Qe6 47. Qd2 Qxh3+ 48. Kg1 Qg3 49. Rxc2 Bxc2 50. Qxc2+ g6 51. Qe4 Qc7 52. Qd5 Qe7 53. Qc4 h5 54. b5 axb5 55. Qxb5 h4 56. a6 Qe3+ 57. Kh2 bxa6 58. Qxa6 Qg3+ 59. Kh1 h3 60. gxh3 Qxh3+ 61. Kg1 Qg4+ 62. Kh1 f5 63. Qa7+ Kh6 64. Qe3+ f4 65. Qe7 Qh3+ 66. Kg1 Qe3+ 67. Qxe3 fxe3 68. Kf1 Kg5 0-1

[Event "98th Caplin Hastings Masters 2024-25"]
[Site "Hastings"]
[Date "2024.12.31"]
[Round "5.37"]
[White "Verbytski, Oleg"]
[Black "Dewangan, Aayush"]
[Result "1-0"]
[ECO "B80"]
[WhiteElo "2033"]
[BlackElo "1878"]
[Annotator "NA RC"]
[PlyCount "95"]
[EventDate "2024.12.23"]
[EventType "swiss"]
[EventCountry "ENG"]
[SourceTitle "playchess.com"]
[Source "ChessBase"]
[SourceQuality "1"]
[TimeControl "5400+30"]

1. e4 c5 2. Nf3 d6 3. d4 cxd4 4. Nxd4 Nf6 5. Nc3 a6 6. Be3 e6 7. f3 b5 8. Qd2 Nbd7 9. g4 Nb6 10. O-O-O Bb7 11. h4 Rc8 12. Kb1 Nfd7 13. g5 b4 14. Nce2 Nc4 15. Qc1 Nde5 16. Ng3 d5 17. f4 Nxe3 18. Qxe3 Nc4 19. Bxc4 Rxc4 20. f5 Qb6 21. Qd2 Bc5 22. Nb3 Be3 23. Qe2 O-O 24. h5 Rfc8 25. Na1 Bxg5 26. h6 Qe3 27. Qg4 e5 28. hxg7 f6 29. Qh3 h6 30. exd5 Rh4 31. Qg2 Rg4 32. Rd3 Qf4 33. Rf1 Qc4 34. Rfd1 Bh4 35. Qh3 Qf4 36. Nf1 e4 37. Rd4 Rxg7 38. d6 Qf2 39. d7 Rd8 40. Nb3 Bg5 41. Nc5 Bc6 42. Qh5 e3 43. Ne6 e2 44. Nxd8 e1=Q 45. Nxc6 Qxd4 46. Nxd4 Qe7 47. Qe8+ Kh7 48. Qxe7 1-0

[Event "98th Caplin Hastings Masters 2024-25"]
[Site "Hastings"]
[Date "2024.12.31"]
[Round "5.38"]
[White "Rayner, Francis"]
[Black "Kim, Taewoo A"]
[Result "1/2-1/2"]
[ECO "A33"]
[WhiteElo "2013"]
[BlackElo "1863"]
[Annotator "NA RC"]
[PlyCount "133"]
[EventDate "2024.12.23"]
[EventType "swiss"]
[EventCountry "ENG"]
[SourceTitle "playchess.com"]
[Source "ChessBase"]
[SourceQuality "1"]
[TimeControl "5400+30"]

1. c4 c5 2. Nf3 Nc6 3. d4 cxd4 4. Nxd4 Nf6 5. Nc3 e6 6. g3 Bc5 7. Nb3 Be7 8. Bg2 d6 9. e4 a6 10. O-O Qc7 11. Qe2 b6 12. h3 Bb7 13. Be3 O-O 14. Rac1 Nd7 15. Nd5 Qd8 16. Nxe7+ Qxe7 17. Rfd1 Rfd8 18. Nd2 Nc5 19. f4 Qc7 20. a3 e5 21. f5 Nd7 22. Nb1 Rac8 23. Nc3 Ne7 24. Nd5 Nxd5 25. cxd5 Qb8 26. b4 Rxc1 27. Rxc1 Rc8 28. Qd2 Rxc1+ 29. Qxc1 Qc8 30. Qxc8+ Bxc8 31. Bf1 Kf8 32. Kf2 Ke7 33. Kf3 Kd8 34. g4 f6 35. h4 h6 36. g5 hxg5 37. hxg5 b5 38. Kg4 Ke7 39. Kh5 Nf8 40. Bd3 Bb7 41. Bc2 Bc8 42. Bb6 Bd7 43. Bc7 Be8+ 44. Kg4 Nh7 45. g6 Nf8 46. Bb6 Bd7 47. Kh5 Be8 48. Be3 Nd7 49. Kg4 Nf8 50. Bd3 Bd7 51. Kf3 Be8 52. Kf2 Bd7 53. Be2 Be8 54. Bh5 Nd7 55. Ke1 Nb8 56. Kd2 Nd7 57. Kc3 Nb8 58. Be2 Nd7 59. a4 Nf8 60. Ba7 Bd7 61. Be3 Be8 62. axb5 Bxb5 63. Bh5 Nd7 64. Bh6 Kf8 65. Be3 Ke7 66. Bh6 Kf8 67. Be3 1/2-1/2

[Event "98th Caplin Hastings Masters 2024-25"]
[Site "Hastings"]
[Date "2024.12.31"]
[Round "5.39"]
[White "Swiatkowski, Dominik"]
[Black "Zhu, Yaoyao"]
[Result "0-1"]
[ECO "C96"]
[WhiteElo "1744"]
[BlackElo "1990"]
[Annotator "NA RC"]
[PlyCount "128"]
[EventDate "2024.12.23"]
[EventType "swiss"]
[EventCountry "ENG"]
[SourceTitle "playchess.com"]
[Source "ChessBase"]
[SourceQuality "1"]
[TimeControl "5400+30"]

1. e4 e5 2. Nf3 Nc6 3. Bb5 a6 4. Ba4 Nf6 5. d3 b5 6. Bb3 Be7 7. O-O O-O 8. Re1 d6 9. c3 Na5 10. Bc2 c5 11. h3 Nc6 12. a4 Rb8 13. Nbd2 Re8 14. Nf1 Bf8 15. Ng3 g6 16. Qe2 Bg7 17. Be3 Qe7 18. d4 exd4 19. cxd4 Nb4 20. Bb1 Qc7 21. Rc1 Nd7 22. a5 Bb7 23. d5 Ne5 24. Nxe5 Bxe5 25. f4 Bg7 26. Qd2 Qe7 27. Re1 Qf6 28. Re2 Rbd8 29. f5 Rd7 30. Ba2 Qe5 31. Kh2 h5 32. h4 Kh7 33. Bb3 Qf6 34. Bg5 Qd4 35. Rf1 Qxd2 36. Rxd2 c4 37. Bd1 Be5 38. Rdf2 Kg7 39. fxg6 fxg6 40. Bf4 Nd3 41. Bxe5+ Rxe5 42. Rd2 Nc5 43. Bc2 Rde7 44. Rdf2 b4 45. Rf6 Rd7 46. Kh3 b3 47. Bb1 Na4 48. R6f2 Bc8 49. Kh2 Rc7 50. Ne2 Nxb2 51. Nc3 Nd3 52. Rd2 Nc5 53. Rd4 Nb7 54. Na4 Nxa5 55. Rc1 Bg4 56. Rc3 Re8 57. Kg3 Rb8 58. Bd3 b2 59. Bb1 Rb4 60. Nxb2 Rxb2 61. Bc2 Re7 62. Kf4 Be2 63. Ke3 Bg4 64. g3 Rf7 0-1

[Event "98th Caplin Hastings Masters 2024-25"]
[Site "Hastings"]
[Date "2024.12.31"]
[Round "5.40"]
[White "Sciupokas, Arunas"]
[Black "Ruane, Brendan J"]
[Result "1-0"]
[ECO "B08"]
[WhiteElo "1969"]
[BlackElo "1869"]
[Annotator "NA RC"]
[PlyCount "79"]
[EventDate "2024.12.23"]
[EventType "swiss"]
[EventCountry "ENG"]
[SourceTitle "playchess.com"]
[Source "ChessBase"]
[SourceQuality "1"]
[TimeControl "5400+30"]

1. e4 Nc6 2. Nc3 Nf6 3. d4 d6 4. Be2 g6 5. h3 Bg7 6. Nf3 a6 7. O-O O-O 8. Re1 e6 9. Bg5 h6 10. Be3 Kh7 11. a3 b6 12. Bd3 Qe7 13. e5 dxe5 14. dxe5 Nd7 15. Bf4 Bb7 16. h4 Nc5 17. Bf1 Rad8 18. Qc1 Nd4 19. Nxd4 Rxd4 20. b4 Nd7 21. Qe3 c5 22. Rad1 Rxd1 23. Rxd1 cxb4 24. axb4 Rc8 25. h5 Nf8 26. b5 a5 27. Na4 Qb4 28. Nxb6 Rc7 29. c4 a4 30. Qd2 Qb3 31. Ra1 a3 32. Qd3 Qb2 33. Rxa3 Bxe5 34. Rb3 Qa1 35. Rb1 Qxb1 36. Qxb1 Bxf4 37. Qb4 Nd7 38. hxg6+ Kxg6 39. Nxd7 Rxd7 40. c5 1-0